 Dungeon Sprint DCSS version 0.30-a0-12-gd8047c6341 (webtiles) character file.

Game seed: 7606337755146293728

588 Hubris850 the Fighter (level 7, -1/68 HPs)
             Began as a Demonspawn Monk on Aug 23, 2022.
             Was a Follower of Yredelemnul.
             Slain by a hell hound (3 damage)
             ... in the Dungeon (Sprint VII: "The Pits").
             The game lasted 00:03:45 (577 turns).

Hubris850 the Fighter (Demonspawn Monk)              Turns: 577, Time: 00:03:45

Health: -1/68      AC:  4    Str: 13    XL:     7   Next: 15%
Magic:  7/7        EV: 13    Int: 11    God:    Yredelemnul [*.....]
Gold:   0          SH:  0    Dex: 16    Spells: 6/6 levels left

rFire   . . .      SeeInvis .    n - +2 hand axe (vorpal)
rCold   . . .      Faith    .    (no shield)
rNeg    . . .      Spirit   .    b - +0 robe
rPois   .          Reflect  .    (no helmet)
rElec   .          Harm     .    (no cloak)
rCorr   .          Rampage  .    (no gloves)
Will    .....      NoTele   +    (no boots)
Stlth   ++........               (no amulet)
HPRegen 0.21/turn                (no ring)
MPRegen 0.10/turn                (no ring)

@: no status effects
A: powered by pain 2, sharp scales 2, weakness stinger 1
a: Renounce Religion, Recall Undead Harvest


You were in the Dungeon.
You worshipped Yredelemnul.
Yredelemnul was noncommittal.
You visited 1 branch

Inventory:

Hand Weapons
 a - a +0 hand axe
 j - a +2 hand axe
 n - a +2 vorpal hand axe (weapon)
Armour
 b - a +0 robe (worn)
 o - a +3 chain mail
Scrolls
 i - a scroll of blinking
 l - 5 scrolls of amnesia
 m - a scroll of summoning
Potions
 c - a potion of ambrosia
 d - 5 potions of curing
 e - 4 potions of heal wounds
 f - a potion of haste
 g - 4 potions of magic
 h - 2 potions of berserk rage
 k - 2 potions of invisibility


   Skills:
 + Level 11.2 Fighting
 + Level 10.3 Axes
 - Level 3.7 Dodging
 - Level 1.7 Stealth


You had 6 spell levels left.
You didn't know any spells.
Your spell library was empty.

Dungeon Overview and Level Annotations

Branches:
Dungeon (1/1)

Altars:
Ashenzari
Cheibriados
Dithmenos
Fedhas
Gozag
Hepliaklqana
Kikubaaqudgha
Makhleb
Nemelex Xobeh
Okawaru
Qazlal
Ru
Sif Muna
Trog
Uskayaw
Vehumet
Wu Jian
Xom
Yredelemnul
Jiyva
Lugonu


Innate Abilities, Weirdness & Mutations

You sometimes gain power by taking damage.
You are mostly covered in razor-sharp scales. (AC +2, Slay +2)
You have a small tail.


Message History

There is an open door here.
You swap places.
There is an open door, spattered with blood here.
You open the door.
A bat and 2 hell hounds come into view.
You swap places. 2 hell hounds and a smoke demon come into view.
The hell hound barks! x2; The smoke demon roars!
The hell hound barks! x2
The smoke demon gestures at you.
The ball of steam hits the hell hound.
The hell hound resists.
The ball of steam misses you.
The ball of steam hits your water moccasin zombie!
Your water moccasin zombie is engulfed in a cloud of scalding steam.
There is an open door here.
Okay, then.
The hell hound closely misses you. The smoke demon gestures at you.
Something smites you!
The hell hound bites your black bear zombie!
The hell hound completely misses you. The bat hits you but does no damage.
Okay, then.
Unknown command.
Yredelemnul sends a servant to aid you.
Yredelemnul accepts your bounty of souls!
You can no longer trade souls for undead servants.
The bat hits you but does no damage. The hell hound bites you!
You focus on the pain.
You feel your power returning. The hell hound closely misses you.
The hell hound breathes flames at you.
The blast of flame hits the hell hound.
The hell hound completely resists.
The blast of flame hits you!
* * * LOW HITPOINT WARNING * * *
The blast of flame hits the bat!!
The bat dies!
The hell hound bites you.
* * * LOW HITPOINT WARNING * * *
The smoke demon barely misses your shadow.
The smoke demon hits your shadow. x2; The hell hound bites you.
You die...
Your body rises from the dead as a mindless zombie.

#.#...ZZ...##.......#
#.#####Z#####...<...#
#.#...ZZZ..##.......#
#.#..[)))..##.......#
#'###########.......#
#.......#..##########
#...#Z..#.######
#...#...#.#.h..#
#.##.##.#§#@...#
#...#...#.'hh§.+
#...#..Z#Z#hW3.#
#......ZZZ#....#
################


You could see a smoke demon (ally target), 4 hell hounds, 2 friendly spectral
crimson imps, a friendly shadow (summoned), a friendly jackal zombie and a
friendly orc zombie.

Vanquished Creatures
  A warg (D)
  2 water moccasins (D)
  A black bear (D)
  3 crimson imps (D)
  A quasit (D)
  A gnoll (D)
  An adder (D)
  A worm (D)
  An orc (D)
  2 bats (D)
  An endoplasm (D)
  A giant cockroach (D)
  A goblin (D)
  A quokka (D)
  2 rats (D)
20 creatures vanquished.

Vanquished Creatures (collateral kills)
  An ufetubus (D)
  A frilled lizard (D)
2 creatures vanquished.

Vanquished Creatures (others)
  A worm zombie (D)
  2 bat zombies (D)
  4 ball python zombies (D)
  A bat (D)
  A frilled lizard zombie (D)
  2 giant cockroach zombies (D)
  A spectral ufetubus (D)
12 creatures vanquished.

Grand Total: 34 creatures vanquished

Notes
Turn   | Place    | Note
-------+----------+-------------------------------------------
     0 | D        | Hubris850 the Demonspawn Monk began the quest for the Orb.
     0 | D        | Reached XP level 1. HP: 18/18 MP: 1/1
    41 | D        | Found a basalt altar of Yredelemnul.
    41 | D        | Found a shimmering altar of Xom.
    41 | D        | Found an ornate altar of the Wu Jian Council.
    41 | D        | Found a bloodstained altar of Trog.
    41 | D        | Found a shimmering blue altar of Sif Muna.
    41 | D        | Found a sacrificial altar of Ru.
    41 | D        | Found a stormy altar of Qazlal.
    41 | D        | Found an iron altar of Okawaru.
    41 | D        | Found a sparkling altar of Nemelex Xobeh.
    41 | D        | Found a burning altar of Makhleb.
    41 | D        | Found a viscous altar of Jiyva.
    41 | D        | Found a hazy altar of Hepliaklqana.
    41 | D        | Found an opulent altar of Gozag.
    41 | D        | Found a blossoming altar of Fedhas.
    41 | D        | Found a shadowy altar of Dithmenos.
    41 | D        | Found a snail-covered altar of Cheibriados.
    42 | D        | Found a radiant altar of Vehumet.
    42 | D        | Found a corrupted altar of Lugonu.
    43 | D        | Found a hide-covered altar of Uskayaw.
    43 | D        | Found an ancient bone altar of Kikubaaqudgha.
    43 | D        | Found a broken altar of Ashenzari.
    47 | D        | Became a worshipper of Yredelemnul the Dark
    47 | D        | Reached * piety under Yredelemnul
    47 | D        | Reached ** piety under Yredelemnul
    76 | D        | Gained mutation: You sometimes gain a little power by
                  | taking damage. [demonic ancestry]
    76 | D        | Reached XP level 2. HP: 14/25 MP: 2/2
    81 | D        | Reached skill level 4 in Fighting
   289 | D        | Gained mutation: You sometimes gain power by taking damage.
                  | [demonic ancestry]
   289 | D        | Reached XP level 3. HP: 16/32 MP: 3/3
   485 | D        | Noticed a warg
   489 | D        | Reached skill level 5 in Fighting
   502 | D        | Reached skill level 5 in Axes
   502 | D        | Gained mutation: You are partially covered in razor-sharp
                  | scales. (AC +1, Slay +1) [demonic ancestry]
   502 | D        | Reached XP level 4. HP: 40/40 MP: 4/4
   503 | D        | Reached skill level 6 in Fighting
   503 | D        | Killed a warg
   504 | D        | Reached skill level 8 in Fighting
   504 | D        | Gained mutation: You are mostly covered in razor-sharp
                  | scales. (AC +2, Slay +2) [demonic ancestry]
   504 | D        | Reached XP level 5. HP: 50/50 MP: 5/5
   519 | D        | Reached skill level 9 in Fighting
   530 | D        | Noticed a water moccasin
   539 | D        | Killed a water moccasin
   540 | D        | Reached skill level 10 in Fighting
   540 | D        | Gained mutation: You have a small tail. [demonic ancestry]
   540 | D        | Reached XP level 6. HP: 28/60 MP: 6/6
   542 | D        | Noticed a water moccasin
   558 | D        | Killed a water moccasin
   559 | D        | Reached skill level 11 in Fighting
   559 | D        | Reached skill level 10 in Axes
   559 | D        | Reached XP level 7. HP: 35/68 MP: 7/7
   575 | D        | Noticed a smoke demon
   577 | D        | HP: 2/68 [hell hound (5)]
   577 | D        | Slain by a hell hound

Illustrated notes

Levels and vault maps discovered:
D:        pitsprint [storerooms_1, entrance_room_1, metal_vault_6, armoury_3,
          mini_pit_1, grid_room_1, main_hall_1, silver_pit, the_coven_3,
          the_vestibule_1, steel_vault_2, golden_pit, hallway_of_sentries,
          crystal_vault_1, iron_vault_3, final_vault]

Skill      XL: |  1  2  3  4  5  6 |
---------------+-------------------+-----
Axes           | 3 4 5 7 9 10 | 10.3
Dodging        | 3 |  3.7
Fighting       | 4 5 8 10 11 | 11.2
Stealth        | |  1.7

Action                   |  1- 3 |  4- 6 |  7- 9 || total
-------------------------+-------+-------+-------++-------
Melee: Hand axe          |    34 |    32 |     1 ||    67
       Punch             |     1 |       |       ||     1
       Tailslap          |       |     5 |     1 ||     6
Invok: Recall Undead Har |     1 |       |       ||     1
       Dark Bargain      |       |       |     1 ||     1
  Use: Potion            |     3 |     1 |       ||     4
 Stab: Sleeping          |     1 |     2 |       ||     3
Armor: Robe              |     8 |     9 |     2 ||    19
Dodge: Dodged            |    49 |    25 |     4 ||    78

Table legend: (Time is in decaauts)
 A = Elapsed time spent in this place.
 B = Non-inter-level travel time spent in this place.
 C = Inter-level travel time spent in this place.
 D = Time resting spent in this place.
 E = Time spent auto-exploring this place.
 F = Levels seen in this place.
 G = Mean time per level.
                   A        B        C        D        E       F      G
               +--------+--------+--------+--------+--------+-----+--------+
         Total |    580 |    580 |      0 |    345 |      0 |   1 |  580.0 |
       Dungeon |    580 |    580 |      0 |    345 |      0 |   1 |  580.0 |
               +--------+--------+--------+--------+--------+-----+--------+

Top non-repeatable levels by time:
       D: 580 daAuts
